 Dungeon Crawl Stone Soup version 0.30.1-8-g117510f58f (webtiles) character file.

Game seed: 3225600215232964746

272608 Ivernyr the Pulveriser (level 21, 0/178 HPs)
             Began as a Formicid Fighter on Sept 23, 2023.
             Was the Champion of Wu Jian.
             Killed from afar by a nagaraja (13 damage)
             ... with a bolt of poison
             ... on level 4 of the Snake Pit.
             The game lasted 01:59:47 (30809 turns).

Ivernyr the Pulveriser (Formicid Fighter)          Turns: 30809, Time: 01:59:49

Health: 0/178      AC: 36    Str: 48    XL:     21   Next: 55%
Magic:  21/21      EV: 22    Int: 11    God:    Wu Jian [******]
Gold:   2693       SH: 24    Dex: 13    Spells: 20/20 levels left

rFire   . . .        O - +6 lajatang (distort)
rCold   + + .        c - +2 tower shield {rC+}
rNeg    + . .        b - +11 plate armour of Sifriv {*Slow rElec Regen+ Str+10}
rPois   .            (helmet unavailable)
rElec   +            C - +1 cloak of Starlight {*Dazzle EV+4 Stlth--}
rCorr   +            n - +2 pair of gloves {Str+3}
SInv    +            (no boots)
Will    ++...        w - amulet of regeneration Stlth
                     T - +6 ring of strength
HPRegen 2.09/turn    h - ring "Riff" {+Blink rC+ rN+ rCorr}
MPRegen 0.17/turn

%: slow self (1%)
@: lethally poisoned (0 -> -46), exhausted, in a heavenly storm, glowing,
studying Shields, unable to read
A: permanent stasis, dig shafts and tunnels, antennae 3, four strong arms,
inability to read after injury 1
}: 1/15 runes: decaying
a: Dig, Shaft Self, Renounce Religion, Wall Jump, Serpent's Lash, Heavenly Storm


You were on level 4 of the Snake Pit.
You worshipped Wu Jian.
Wu Jian was exalted by your worship.
You visited 7 branches of the dungeon, and saw 34 of its levels.
You visited the Abyss 2 times.
You also visited: Ossuary, Gauntlet and Ice Cave.

You collected 3626 gold pieces.
You spent 933 gold pieces at shops.

Inventory:

Hand Weapons
 O - a +6 lajatang of distortion (weapon)
Missiles
 Q - 6 throwing nets
Armour
 b - the +11 plate armour of Sifriv (worn) {*Slow rElec Regen+ Str+10}
   (You found it on level 13 of the Dungeon)

   Str:       It affects your strength (+10).
   rElec:     It insulates you from electricity.
   Regen:     It increases your rate of health regeneration.
   *Slow:     It may slow you when you take damage.
 c - a +2 tower shield of cold resistance (worn)
 n - a +2 pair of gloves of strength (worn)
 q - a scarf of resistance
 C - the +1 cloak of Starlight (worn) {*Dazzle EV+4 Stlth--}
   (You acquired it on level 3 of the Snake Pit)

   *Dazzle:   It may blind those who miss an attack against the wearer in melee
   combat.
   EV:        It affects your evasion (+4).
   Stlth:     It makes you much less stealthy.
Jewellery
 h - the ring "Riff" (right hand) {+Blink rC+ rN+ rCorr}
   (You found it in a Gauntlet)

   [ring of resist corrosion]

   rC:        It protects you from cold.
   rN:        It protects you from negative energy.
   +Blink:    It lets you blink.
   rCorr:     It protects you from acid and corrosion.
 w - an amulet of regeneration (around neck)
 A - a ring of poison resistance
 B - a ring of flight
 P - a ring of positive energy
 R - a ring of protection from cold
 T - a +6 ring of strength (left hand)
Wands
 i - a wand of acid (7)
 l - a wand of digging (1)
 y - a wand of polymorph (10)
 D - a wand of iceblast (56)
 F - a wand of flame (68)
 H - a wand of charming (30)
 N - a wand of mindburst (48)
Scrolls
 g - 13 scrolls of amnesia
 j - 5 scrolls of identify
 m - 3 scrolls of brand weapon
 p - 7 scrolls of enchant armour
 r - 3 scrolls of silence
 s - 2 scrolls of summoning
 t - 6 scrolls of fog
 u - 4 scrolls of fear
 x - a scroll of enchant weapon
 E - 8 scrolls of magic mapping
Potions
 d - 4 potions of might
 e - 17 potions of curing
 f - 8 potions of heal wounds
 k - 9 potions of lignification
 o - 6 potions of cancellation
 v - 4 potions of resistance
 z - 5 potions of magic
 G - 4 potions of attraction
 I - 5 potions of brilliance
 J - 4 potions of flight
 L - 5 potions of mutation
 M - 5 potions of ambrosia
 S - a potion of invisibility


   Skills:
 + Level 18.4 Fighting
 * Level 23.0 Staves
 + Level 18.5 Armour
 + Level 4.7 Dodging
 - Level 21.6 Shields


You had 20 spell levels left.
You didn't know any spells.
Your spell library contained the following spells:

 Spells                   Type           Power      Damage    Failure   Level
 Apportation              Tloc           0%         N/A       75%         1
 Beastly Appendage        Tmut           0%         N/A       75%         1
 Foxfire                  Conj/Fire      0%         2x1d4     75%         1
 Magic Dart               Conj           0%         1d3       75%         1
 Shock                    Conj/Air       0%         1d3       75%         1
 Slow                     Hex            0%         N/A       75%         1
 Sting                    Tmut/Pois      0%         1d3       75%         1
 Summon Small Mammal      Summ           0%         N/A       75%         1
 Call Imp                 Summ           0%         N/A       86%         2
 Cigotuvi's Dreadful Rot  Necr/Pois/Air  0%         N/A       86%         2
 Poisonous Vapours        Pois/Air       0%         N/A       86%         2
 Scorch                   Fire           0%         2d5       86%         2
 Sublimation of Blood     Necr           0%         N/A       86%         2
 Wereblood                Tmut           0%         N/A       86%         2
 Call Canine Familiar     Summ           0%         N/A       98%         3
 Confusing Touch          Hex            0%         N/A       98%         3
 Dazzling Flash           Conj/Hex       0%         N/A       98%         3
 Frozen Ramparts          Ice            0%         1d1       98%         3
 Gell's Gravitas          Tloc           0%         N/A       98%         3
 Hailstorm                Conj/Ice       0%         3d3       98%         3
 Ignite Poison            Fire/Tmut/Pois 0%         N/A       98%         3
 Inner Flame              Hex/Fire       0%         N/A       98%         3
 Mephitic Cloud           Conj/Pois/Air  0%         N/A       98%         3
 Portal Projectile        Hex/Tloc       0%         N/A       98%         3
 Spider Form              Tmut/Pois      0%         N/A       98%         3
 Stone Arrow              Conj/Erth      0%         3d7       98%         3
 Summon Guardian Golem    Hex/Summ       0%         N/A       98%         3
 Teleport Other           Tloc           0%         N/A       98%         3
 Tukima's Dance           Hex            0%         N/A       98%         3
 Vampiric Draining        Necr           0%         2d6       98%         3
 Animate Armour           Summ/Erth      0%         N/A       100%        4
 Flame Wave               Conj/Fire      0%         2d4       100%        4
 Ice Form                 Ice/Tmut       0%         N/A       100%        4
 Leda's Liquefaction      Hex/Erth       0%         N/A       100%        4
 Manifold Assault         Tloc           0%         N/A       100%        4
 Olgreb's Toxic Radiance  Pois           0%         N/A       100%        4
 Petrify                  Tmut/Erth      0%         N/A       100%        4
 Sticky Flame             Conj/Fire      0%         2d3       100%        4
 Summon Ice Beast         Ice/Summ       0%         N/A       100%        4
 Agony                    Necr           0%         N/A       100%        5
 Alistair's Intoxication  Tmut/Pois      0%         N/A       100%        5
 Blade Hands              Tmut           0%         N/A       100%        5
 Freezing Cloud           Conj/Ice/Air   0%         6-21      100%        5
 Iskenderun's Battlesphe  Conj           0%         2d6       100%        5
 Metabolic Englaciation   Hex/Ice        0%         N/A       100%        5
 Silence                  Hex/Air        0%         N/A       100%        5
 Summon Forest            Summ/Tloc      0%         N/A       100%        5
 Summon Mana Viper        Hex/Summ       0%         N/A       100%        5
 Yara's Violent Unravell  Hex/Tmut       0%         3d3       100%        5
 Dispersal                Tloc           0%         N/A       100%        6
 Iron Shot                Conj/Erth      0%         9d1       100%        6
 Simulacrum               Ice/Necr       0%         N/A       100%        6
 Statue Form              Tmut/Erth      0%         N/A       100%        6
 Summon Cactus Giant      Summ           0%         N/A       100%        6
 Enfeeble                 Hex            0%         N/A       100%        7
 Orb of Destruction       Conj           0%         9d5       100%        7
 Ozocubu's Refrigeration  Ice            0%         4d7       100%        7
 Spellforged Servitor     Conj/Summ      0%         N/A       100%        7
 Summon Hydra             Summ           0%         N/A       100%        7
 Discord                  Hex            0%         N/A       100%        8
 Disjunction              Tloc           0%         N/A       100%        8
 Ignition                 Fire           0%         3d3       100%        8
 Lehudib's Crystal Spear  Conj/Erth      0%         10d2      100%        8
 Polar Vortex             Ice            0%         N/A       100%        9


Dungeon Overview and Level Annotations

Branches:
Dungeon (15/15)            Temple (1/1) D:4            Lair (5/5) D:11
  Swamp (4/4) Lair:3        Snake (4/4) Lair:3        Slime (0/5) Lair:4
    Orc (2/2) D:10            Elf (3/3) Orc:2        Vaults (0/5) D:14
 Depths (0/4) D:15        Ossuary (visited)           IceCv (visited)
Gauntlet (visited)

Altars:
Ashenzari
Cheibriados
Dithmenos
Elyvilon
Fedhas
Gozag
Hepliaklqana
Kikubaaqudgha
Makhleb
Nemelex Xobeh
Okawaru
Qazlal
Ru
Sif Muna
Trog
Uskayaw
Vehumet
Wu Jian
Xom
Yredelemnul
Zin
The Shining One
Jiyva

Shops:
D:4 :   D:5 **   D:11 (   D:15 *   Orc:2 ?!![?   Elf:1 *   Elf:2 *   Elf:3 :
Snake:1 :   Snake:3 (::

Annotations:
D:7 2 runed translucent doors, Beaer's ghost, novice FoHu
D:8 1 runed translucent door, Quickbrownfox's ghost, novice DsCj
D:9 ratatoskos's ghost, novice VSFi
D:10 2 transporters
Swamp:3 2 transporters, exclusion: orange crystal statue
Abyss:1 Roxanne


Innate Abilities, Weirdness & Mutations

You cannot be hasted, slowed, berserked, paralysed or teleported.
You can dig through walls and to a lower floor.
You have a pair of large antennae on your head. (SInv)
Your four strong arms can wield two-handed weapons with a shield.
You occasionally lose the ability to read scrolls when taking damage.


Message History

The nagaraja gestures at you while chanting.
The poison arrow hits you!
You are more poisoned.
You block the black mamba's attack. You block the mana viper's attack.
You block the naga's attack.
The nagaraja hits you from afar with a +0 spear!
You spin and attack the nagaraja.
You hit the nagaraja.
Space warps around the nagaraja.
The nagaraja is heavily wounded.
You spin and attack the mana viper repeatedly.
You cut the mana viper into ribbons!!!
You kill the mana viper!
The Council accepts your kill.
You feel extremely sick.
The nagaraja no longer looks unusually strong.
You block the nagaraja's attack. The nagaraja misses you.
The black mamba misses you.
The naga hits you from afar with a +0 glaive.
The nagaraja casts a spell at you.
The bolt of poison hits the nagaraja!
The nagaraja is poisoned.
The bolt of poison hits you!!!
You are more poisoned.
You feel threatened and lose the ability to read scrolls!
* * * LOW HITPOINT WARNING * * *
The nagaraja hits you with a +0 spear.
* * * LOW HITPOINT WARNING * * *
The nagaraja completely misses you.
You feel much better.
* * * LOW HITPOINT WARNING * * *
You feel extremely sick. You block the black mamba's attack.
The nagaraja hits you but does no damage.
You block the nagaraja's attack. The nagaraja barely misses you.
You block the black mamba's attack. The naga spits poison at you.
You block the splash of poison.
The nagaraja points at you and mumbles some strange words.
The bolt of poison hits the nagaraja.
The bolt of poison hits you!
You are more poisoned.
You die...

#...#.#..#..#~ {
#...###÷.#.#.#.
##....#?##.#...## {
##.N..##..#.....##
##.....####.#.....#
##.....# ##.......#
##§§§N§# #..#.....#
######§§§§§######..##....#
......☼§S@§§........#.....
......☼NNN§§.........#...#
.....{NNN§§☼.........##..#
.....NN..........#..##..##
#.....###########..##..##.
.....# .###..÷.#.<##.
)...# #[..........<.. ...#
{ ####........#.# ..# { {
{ { ##......##.#


You could see 2 nagarajas, a naga warrior (strong), a naga sharpshooter
(strong), a naga ritualist (strong), a black mamba and a naga (strong, catching
breath).

Vanquished Creatures
  Rupert (Lair:5)
  An Ice Fiend (IceCv)
  2 deep elf master archers (Elf:3)
  2 deep elf blademasters (Elf:3)
  3 tentacled starspawn (Abyss:3)
  Gastronok (Lair:3)
  Kirke (Swamp:2)
  2 nagarajas
  Donald (Swamp:2)
  A ghost moth (Abyss:3)
  Louise (Swamp:2)
  A balrug (Abyss:3)
  4 deep elf elementalists (Elf:3)
  4 deep elf sorcerers (Elf:3)
  3 very ugly things (Abyss:3)
  6 deep elf annihilators
  2 deep elf demonologists (Elf:3)
  8 bunyips
  2 dire elephants
  A minotaur (Gauntlet)
  Azrael (Snake:2)
  6 deep elf death magi (Elf:3)
  Josephine (D:10)
  2 deep elf high priests (Elf:3)
  A shambling mangrove (Swamp:3)
  A catoblepas (Lair:5)
  19 hydras
  Harold (Orc:1)
  A ghost crab (Swamp:4)
  6 centaur warriors
  Erica (Orc:1)
  13 anacondas
  5 boulder beetles
  30 dancing weapons
  4 tengu warriors
  5 two-headed ogres
  11 alligators
  A deep troll shaman (Lair:5)
  8 naga warriors
  5 death yaks (Lair:5)
  9 shock serpents
  11 orc high priests
  9 naga sharpshooters
  Sonja (D:13)
  15 deep elf knights
  2 sun demons
  9 skeletal warriors
  4 wretched stars (Abyss:3)
  3 skysharks
  3 sea snakes (Snake:4)
  4 goliath frogs
  8 swamp dragons
  2 spriggan druids
  7 deep elf archers
  An obsidian statue (IceCv)
  A spriggan simulacrum (IceCv)
  8 bog bodies
  23 deep elf pyromancers
  An orange crystal statue (IceCv)
  6 naga ritualists
  A wizard (D:14)
  4 necromancers (D:14)
  Pikel (D:6)
  26 deep elf zephyrmancers
  A wolf spider (D:15)
  2 orc knights
  7 cyclopes
  17 mana vipers
  3 oklob plants (Lair:4)
  3 worldbinders (Abyss:3)
  11 ugly things
  6 manticores
  9 salamanders
  5 orc sorcerers
  16 elephants
  7 will-o-the-wisps
  Maurice (D:11)
  6 guardian serpents
  9 naga magi
  35 black mambas
  8 cane toads
  3 smoke demons
  Psyche (D:11)
  5 freezing wraiths (IceCv)
  8 kobold demonologists
  An unseen horror (shapeshifter) (D:15)
  An unseen horror (D:13)
  3 rime drakes
  2 gargoyles
  2 ice devils (IceCv)
  A golden dragon simulacrum (IceCv)
  7 komodo dragons
  4 tengu conjurers
  An anaconda simulacrum (IceCv)
  A hornet (shapeshifter) (D:13)
  2 bloated husks (Swamp:4)
  A red devil (Gauntlet)
  3 meliai (Gauntlet)
  9 hornets
  7 polar bears
  4 raiju (Abyss:3)
  6 trolls
  10 blink frogs (Lair:4)
  9 tyrant leeches
  Prince Ribbit (D:6)
  2 snapping turtles (Snake:4)
  A jumping spider (shapeshifter) (Elf:3)
  4 flying skulls (Abyss:3)
  3 air elementals
  A dire elephant simulacrum (IceCv)
  8 spriggans
  4 water elementals
  3 shadows
  2 ynoxinuls (Abyss:3)
  16 humans (D:14)
  A fire bat (Abyss:3)
  A vampire (D:10)
  9 wraiths
  A golden eye (Abyss:3)
  A basilisk (Lair:5)
  3 wyverns
  An unseen horror simulacrum (D:9)
  A fire elemental (Snake:2)
  23 yaks
  5 steam dragons
  7 minotaur simulacra (IceCv)
  3 large abominations (Abyss:3)
  11 vampire mosquitoes
  A harpy simulacrum (IceCv)
  15 swamp worms
  26 nagas
  11 wargs
  13 water moccasins
  3 acid dragons
  5 hell hounds
  A hydra simulacrum (IceCv)
  11 swamp drakes
  3 black bears
  21 orc warriors
  A sky beast (D:8)
  An ettin simulacrum (IceCv)
  5 ice beasts
  4 ogres
  17 wolves
  17 centaurs
  3 phantoms
  5 kobold brigands
  A lemure (D:6)
  Blork the orc (D:5)
  2 earth elementals
  9 bullfrogs
  4 scorpions
  2 deep troll simulacra (IceCv)
  3 small abominations (Abyss:3)
  10 wights
  A hornet simulacrum (Abyss:3)
  7 killer bees
  A howler monkey (D:7)
  4 electric eels
  4 crimson imps (Gauntlet)
  2 jellies
  A wyvern simulacrum (D:9)
  Crazy Yiuf (D:6)
  30 orc priests
  5 iguanas
  4 sleepcaps
  2 gnoll boudas
  15 orc wizards
  8 gnolls
  9 adders
  3 shadow imps (Gauntlet)
  4 white imps
  2 ufetubi
  2 adder zombies (Ossuary)
  3 worms
  A dart slug (D:2)
  98 orcs
  4 endoplasms
  4 giant cockroaches
  6 goblins
  6 hobgoblins
  2 jackals (D:3)
  4 quokkas
  12 ball pythons
  A ball python skeleton (Ossuary)
  6 bats
  3 frilled lizards
  A hobgoblin skeleton (Ossuary)
  2 hobgoblin zombies (Ossuary)
  25 kobolds
  A kobold zombie (Ossuary)
  An orc skeleton (Ossuary)
  An orc zombie (Ossuary)
  8 rats
  A starspawn tentacle (Abyss:3)
1167 creatures vanquished.

Vanquished Creatures (others)
  2 deep elf knights
  A salamander mystic (Snake:2)
  A bloated husk (Swamp:4)
  A spriggan (Swamp:4)
  2 humans (Swamp:2)
  An orc warrior (Elf:2)
  15 foxfires
  17 starspawn tentacles (Abyss:3)
40 creatures vanquished.

Grand Total: 1207 creatures vanquished

Notes
Turn   | Place    | Note
-------+----------+-------------------------------------------
     0 | D:1      | Ivernyr the Formicid Fighter began the quest for the Orb.
     0 | D:1      | Reached XP level 1. HP: 18/18 MP: 1/1
    15 | D:1      | Found a faded altar of an unknown god.
   113 | D:1      | Reached XP level 2. HP: 17/24 MP: 2/2
   312 | D:1      | Reached XP level 3. HP: 28/29 MP: 3/3
   840 | D:2      | Reached XP level 4. HP: 31/37 MP: 4/4
   899 | D:2      | Reached skill level 3 in Staves
  1356 | D:2      | Reached XP level 5. HP: 42/42 MP: 5/5
  2141 | D:3      | Found a sparkling altar of Nemelex Xobeh.
  2399 | D:3      | Reached skill level 5 in Shields
  2684 | D:4      | Found Leiquwka's Self-Improvement Boutique.
  2716 | D:4      | Reached skill level 4 in Staves
  2716 | D:4      | Reached XP level 6. HP: 17/48 MP: 6/6
  2902 | D:4      | Found a staircase to the Ecumenical Temple.
  2910 | Temple   | Entered the Ecumenical Temple
  3038 | Temple   | Became a worshipper of the Wu Jian Council
  3666 | D:4      | Reached XP level 7. HP: 50/55 MP: 7/7
  3747 | D:5      | Entered Level 5 of the Dungeon
  3785 | D:5      | Reached skill level 5 in Staves
  3815 | D:5      | Reached skill level 5 in Armour
  3821 | D:5      | Reached skill level 5 in Fighting
  3959 | D:5      | Found Abiziazxi's Neck Hole.
  3973 | D:5      | Noticed Blork the orc
  3980 | D:5      | Killed Blork the orc
  3981 | D:5      | Reached XP level 8. HP: 60/62 MP: 8/8
  4035 | D:5      | Reached * piety under Wu Jian
  4137 | D:5      | Identified the +11 rapier "Unurch" {drain, Contam rC+++
                  | Will+ Int+4}
  4150 | D:5      | Reached skill level 6 in Staves
  4307 | D:5      | Found Qourizen's General Store.
  4504 | D:6      | Noticed Prince Ribbit
  4517 | D:6      | Killed Prince Ribbit
  4806 | D:6      | Reached skill level 7 in Staves
  4806 | D:6      | Reached XP level 9. HP: 58/69 MP: 9/9
  4867 | D:6      | Found a sand-covered staircase.
  4875 | Ossuary  | Entered an ossuary
  5046 | Ossuary  | Reached ** piety under Wu Jian
  5192 | D:6      | Found a radiant altar of Vehumet.
  5511 | D:6      | Identified the +6 hammer of Grace {venom, rC+ rCorr}
  5514 | D:6      | Found a runed translucent door.
  5517 | D:6      | Noticed Crazy Yiuf
  5525 | D:6      | Killed Crazy Yiuf
  5618 | D:7      | Reached skill level 8 in Staves
  5708 | D:7      | Reached XP level 10. HP: 79/79 MP: 10/10
  5845 | D:7      | Reached skill level 9 in Staves
  5937 | D:7      | Found a large runed translucent door.
  5937 | D:7      | Found a large runed translucent door.
  5940 | D:7      | Noticed Beaer's ghost (novice FoHu)
  5963 | D:7      | Noticed Pikel
  6005 | D:6      | Killed Pikel
  6068 | D:7      | Found a bloodstained altar of Trog.
  6068 | D:7      | Found a glowing golden altar of the Shining One.
  6069 | D:7      | Found an opulent altar of Gozag.
  6070 | D:7      | Found an iron altar of Okawaru.
  6070 | D:7      | Found a sacrificial altar of Ru.
  6070 | D:7      | Found a snail-covered altar of Cheibriados.
  6071 | D:7      | Found a basalt altar of Yredelemnul.
  6072 | D:7      | Found a stormy altar of Qazlal.
  6072 | D:7      | Found a burning altar of Makhleb.
  6073 | D:7      | Found a white marble altar of Elyvilon.
  6409 | D:8      | Reached *** piety under Wu Jian
  6718 | D:8      | Found a runed translucent door.
  6718 | D:8      | Found a shimmering altar of Xom.
  6718 | D:8      | Noticed Quickbrownfox's ghost (novice DsCj)
  6718 | D:8      | Noticed a +0 dagger of chaos
  6779 | D:8      | Noticed a two-headed ogre
  6787 | D:8      | Killed a two-headed ogre
  7037 | D:9      | Found a runed translucent gate.
  7037 | D:9      | Found a runed translucent gate.
  7037 | D:9      | Found a runed translucent gate.
  7077 | D:9      | Reached skill level 10 in Staves
  7254 | D:9      | Reached skill level 10 in Shields
  7311 | D:9      | Noticed a kobold demonologist
  7311 | D:9      | Noticed a kobold demonologist
  7314 | D:9      | Noticed an orange demon
  7316 | D:9      | Noticed a smoke demon
  7324 | D:9      | Noticed a soul eater
  7335 | D:9      | Reached XP level 11. HP: 87/87 MP: 11/11
  7502 | D:9      | Reached **** piety under Wu Jian
  7711 | D:9      | Noticed a sun demon
  7880 | D:9      | Noticed ratatoskos's ghost (novice VSFi)
  8113 | D:9      | Got the ring of Ephemeral Luck {Fire rPois Str-5 Dex+3
                  | SInv}
  8159 | D:10     | Entered Level 10 of the Dungeon
  8164 | D:10     | Noticed Josephine
  8175 | D:10     | Killed Josephine
  8176 | D:10     | Reached skill level 11 in Staves
  8495 | D:10     | Found a viscous altar of Jiyva.
  8789 | D:10     | Found a transporter.
  8865 | D:10     | Found an ancient bone altar of Kikubaaqudgha.
  9003 | D:10     | Found a staircase to the Orcish Mines.
  9114 | D:10     | Found a transporter.
  9217 | D:11     | Noticed a two-headed ogre
  9233 | D:11     | Noticed a cyclops
  9241 | D:11     | Reached XP level 12. HP: 48/96 MP: 12/12
  9270 | D:11     | Killed a two-headed ogre
  9339 | D:11     | Found Turor's Weapon Boutique.
  9352 | D:11     | Reached skill level 12 in Staves
  9425 | D:11     | Noticed a soul eater
  9447 | D:11     | Reached skill level 10 in Fighting
  9448 | D:11     | Reached skill level 10 in Armour
  9507 | D:11     | Bought a +2 lajatang of distortion for 693 gold pieces
  9523 | D:11     | Identified a scroll of acquirement
  9523 | D:11     | Acquired a scarf of repulsion
  9695 | D:11     | Found a staircase to the Lair.
  9824 | D:11     | Noticed a boulder beetle
  9830 | D:11     | Banished a boulder beetle
  9897 | D:11     | Noticed Maurice
  9901 | D:11     | Killed Maurice
  9954 | D:11     | Noticed Psyche
  9963 | D:11     | Killed Psyche
 10048 | D:11     | Noticed a boulder beetle
 10059 | D:11     | Killed a boulder beetle
 10210 | D:12     | Noticed a boulder beetle
 10227 | D:12     | Banished a boulder beetle
 10252 | D:12     | Reached skill level 13 in Staves
 10292 | D:12     | Noticed a two-headed ogre
 10300 | D:12     | Killed a two-headed ogre
 10338 | D:12     | Reached XP level 13. HP: 104/104 MP: 13/13
 10437 | D:12     | Found a bloodstained altar of Trog.
 10781 | D:13     | Identified the +11 plate armour of Sifriv {*Slow rElec
                  | Regen+ Str+10}
 10823 | D:13     | Noticed a centaur warrior
 10834 | D:13     | Killed a centaur warrior
 10849 | D:13     | Noticed a centaur warrior
 10863 | D:13     | Killed a centaur warrior
 10896 | D:13     | Noticed a centaur warrior
 10900 | D:13     | Banished a centaur warrior
 10955 | D:13     | Noticed an entropy weaver
 10957 | D:13     | Noticed a centaur warrior
 10960 | D:13     | Reached skill level 14 in Staves
 10962 | D:13     | an entropy weaver changed into a hog
 10981 | D:13     | Killed a centaur warrior
 11148 | D:13     | Noticed Sonja
 11151 | D:13     | Killed Sonja
 11156 | D:13     | Noticed a four-headed hydra
 11160 | D:13     | Banished a five-headed hydra
 12059 | Lair:1   | Entered Level 1 of the Lair of Beasts
 12076 | Lair:1   | Found a blossoming altar of Fedhas.
 12812 | Lair:2   | Reached XP level 14. HP: 114/114 MP: 14/14
 12848 | Lair:2   | Identified the +0 scale mail "Resy" {*Slow rPois rN++}
 13745 | Lair:3   | Found a staircase to the Snake Pit.
 13981 | Lair:3   | Reached skill level 15 in Staves
 14166 | Lair:3   | Noticed Gastronok
 14173 | Lair:3   | Killed Gastronok
 14297 | Lair:3   | Reached ***** piety under Wu Jian
 14426 | Lair:3   | Found a staircase to the Swamp.
 14981 | Lair:4   | Found a gate leading to a gauntlet.
 15045 | Gauntlet | Entered a Gauntlet
 15045 | Gauntlet | Found a transporter.
 15056 | Gauntlet | Found a transporter.
 15056 | Gauntlet | Found a transporter.
 15058 | Gauntlet | Found a transporter.
 15073 | Gauntlet | Found a transporter.
 15088 | Gauntlet | Found a transporter.
 15094 | Gauntlet | Found a transporter.
 15109 | Gauntlet | Found a transporter.
 15128 | Gauntlet | Found a transporter.
 15140 | Gauntlet | Found a transporter.
 15155 | Gauntlet | Found a transporter.
 15164 | Gauntlet | Found a transporter.
 15176 | Gauntlet | Found a transporter.
 15181 | Gauntlet | Found a transporter.
 15207 | Gauntlet | Found a transporter.
 15209 | Gauntlet | Found a transporter.
 15244 | Gauntlet | Found a transporter.
 15263 | Gauntlet | Found a transporter.
 15493 | Gauntlet | Identified the ring "Riff" {+Blink rC+ rN+ rCorr}
 15543 | Gauntlet | Noticed a minotaur
 15554 | Gauntlet | Killed a minotaur
 15565 | Gauntlet | Identified the +1 helmet of Qoellech {Regen+}
 15931 | Lair:4   | Reached skill level 15 in Shields
 16087 | Lair:4   | Reached skill level 16 in Staves
 16087 | Lair:4   | Reached XP level 15. HP: 122/122 MP: 15/15
 16096 | Lair:4   | Found a viscous altar of Jiyva.
 16098 | Lair:4   | Found a staircase to the Slime Pits.
 16539 | Lair:5   | Entered Level 5 of the Lair of Beasts
 16679 | Lair:5   | Noticed Rupert
 16683 | Lair:5   | Killed Rupert
 17129 | Lair:5   | Reached skill level 17 in Staves
 17516 | Orc:1    | Entered Level 1 of the Orcish Mines
 17537 | Orc:1    | Noticed Erica
 17542 | Orc:1    | Killed Erica
 17663 | Orc:2    | Entered Level 2 of the Orcish Mines
 17664 | Orc:2    | Found a staircase to the Elven Halls.
 17718 | Orc:1    | Noticed Harold
 17729 | Orc:1    | Killed Harold
 18093 | Orc:2    | Reached ****** piety under Wu Jian
 18154 | Orc:2    | Found Rojuiti's Magic Scroll Emporium.
 18212 | Orc:2    | Reached XP level 16. HP: 82/132 MP: 16/16
 18335 | Orc:2    | Found Sobuceru's Distillery.
 18355 | Orc:2    | Found Teficon's Magic Scroll Shoppe.
 18465 | Orc:2    | Found Bosompoe's Distillery.
 18484 | Orc:2    | Found Wiplutt's Antique Armour Boutique.
 18541 | Orc:2    | Bought a pair of runed gloves for 240 gold pieces
 19106 | D:14     | Found a frozen archway.
 19218 | IceCv    | Entered an ice cave
 19292 | IceCv    | Gained mutation: You occasionally lose the ability to read
                  | scrolls when taking damage. [a neqoxec]
 19666 | IceCv    | Noticed an Ice Fiend
 19675 | IceCv    | Killed an Ice Fiend
 19677 | IceCv    | Found the +2 Maxwell's thermic engine {flame, freeze, rev}
 19855 | D:14     | Reached skill level 18 in Staves
 20049 | D:14     | Found a gate to the Vaults.
 20306 | D:15     | Entered Level 15 of the Dungeon
 20318 | D:15     | Found Gupaskoh's General Store.
 20602 | D:15     | Reached XP level 17. HP: 140/140 MP: 17/17
 20646 | D:15     | Found a staircase to the Depths.
 20935 | D:15     | Identified the ring of Fragile Peace {*Corrode Will+ Str+4
                  | SInv}
 21201 | Elf:1    | Entered Level 1 of the Elven Halls
 21223 | Elf:1    | Reached skill level 15 in Armour
 21381 | Elf:1    | Reached skill level 15 in Fighting
 21564 | Elf:1    | Reached skill level 19 in Staves
 21604 | Elf:1    | Got Vehumet's Spellbook of Combat Magic
 21732 | Elf:1    | Found Ysuit's General Store.
 22489 | Elf:2    | Found Rujent's Assorted Antiques.
 22520 | Elf:2    | Reached XP level 18. HP: 150/150 MP: 18/18
 22679 | Elf:2    | Found a runed translucent gate.
 22680 | Elf:2    | Found a runed translucent gate.
 22680 | Elf:2    | Found a runed translucent gate.
 23375 | Elf:3    | Entered Level 3 of the Elven Halls
 23512 | Elf:3    | Noticed a walking divine tome
 23513 | Elf:3    | Found Ditutz's Book Shoppe.
 23515 | Elf:3    | Noticed a walking earthen tome
 23542 | Elf:3    | Reached skill level 20 in Staves
 23809 | Abyss:3  | Cast into level 3 of the Abyss (a deep elf sorcerer)
 23977 | Elf:3    | Escaped the Abyss
 24136 | Elf:3    | Noticed a deep elf master archer
 24148 | Elf:3    | Noticed a Brimstone Fiend
 24149 | Elf:3    | Noticed a Brimstone Fiend
 24149 | Elf:3    | Noticed an Executioner
 24151 | Elf:3    | Banished a deep elf master archer
 24168 | Elf:3    | Noticed a Hell Sentinel
 24365 | Abyss:3  | Found a corrupted altar of Lugonu.
 24365 | Abyss:3  | Found an ornate altar of the Wu Jian Council.
 24365 | Abyss:3  | Cast into level 3 of the Abyss (a deep elf sorcerer)
 24369 | Abyss:3  | Found a corrupted altar of Lugonu.
 24477 | Abyss:3  | Reached XP level 19. HP: 151/159 MP: 4/19
 24649 | Elf:3    | Escaped the Abyss
 24793 | Elf:3    | Noticed a deep elf blademaster
 24800 | Elf:3    | Killed a deep elf blademaster
 24870 | Elf:3    | Identified the +10 dagger of Nightmares {flame, rPois}
 24880 | Elf:3    | Noticed a deep elf blademaster
 24881 | Elf:3    | Found the +3 pair of seven-league boots {Rampage+∞}
 24894 | Elf:3    | Killed a deep elf blademaster
 24895 | Elf:3    | Reached skill level 21 in Staves
 24895 | Elf:3    | Got the Codex of Fiery Glamour
 24903 | Elf:3    | Got the Excursus on Configuration and Momentum
 24907 | Elf:3    | Identified the +0 quarterstaff of Attainder {pain, rElec
                  | rN+}
 24918 | Elf:3    | Identified the +7 dagger "Ynuasi" {elec, rN+ Int+6}
 24968 | Elf:3    | Identified the +1 arbalest "Yhenk" {flame, Contam rF++
                  | Int+3}
 24968 | Elf:3    | Identified the +2 leather armour "Wog Moh" {*Corrode Str+5
                  | SInv}
 25096 | Elf:3    | Identified the +8 short sword "Lofoine" {freeze, rN++
                  | rCorr}
 25097 | Elf:3    | Identified the +7 sling of Viemur {speed, rN++}
 25099 | Elf:3    | Identified the staff of death "Qigores" {rN+ Dex+3}
 25171 | Elf:3    | Identified the staff of earth "Kuesagosch" {rElec rPois
                  | Str+5 Int-5}
 25512 | Swamp:1  | Entered Level 1 of the Swamp
 25583 | Swamp:1  | You fall into a shaft and drop 1 floor!
 25583 | Swamp:2  | Noticed Kirke
 25586 | Swamp:2  | Killed Kirke
 25587 | Swamp:2  | Noticed Louise
 25603 | Swamp:2  | Noticed Donald
 25610 | Swamp:2  | Killed Louise
 25613 | Swamp:2  | Killed Donald
 25958 | Swamp:2  | Identified Roxanne's Secrets of Topography
 25958 | Swamp:2  | Noticed Roxanne
 25973 | Swamp:2  | Banished Roxanne
 26348 | Swamp:3  | Found a transporter.
 26348 | Swamp:3  | Found a transporter.
 26351 | Swamp:3  | Got the Collected Works on Pestilence and Glamour
 26815 | Swamp:4  | Entered Level 4 of the Swamp
 27027 | Swamp:4  | Reached XP level 20. HP: 150/168 MP: 20/20
 27588 | Swamp:4  | Got a decaying rune of Zot
 28186 | Swamp:1  | Reached skill level 22 in Staves
 28308 | Snake:1  | Entered Level 1 of the Snake Pit
 28337 | Snake:1  | Found Omacle's Book Shop.
 28377 | Snake:1  | You fall into a shaft and drop 1 floor!
 28473 | Snake:2  | Reached skill level 1 in Dodging
 29322 | Snake:3  | Noticed Azrael
 29419 | Snake:2  | Killed Azrael
 29427 | Snake:3  | Reached XP level 21. HP: 113/177 MP: 21/21
 29534 | Snake:3  | Acquired the +1 cloak of Starlight {*Dazzle EV+4 Stlth--}
 29534 | Snake:3  | Found the +1 cloak of Starlight {*Dazzle EV+4 Stlth--}
 29829 | Snake:3  | Found Irchirph's Book Shoppe.
 29831 | Snake:3  | Found Haryqocwol's Book Emporium.
 29833 | Snake:3  | Found Osoa's Antique Weapon Shoppe.
 30497 | Snake:4  | Entered Level 4 of the Snake Pit
 30763 | Snake:4  | Reached skill level 23 in Staves
 30808 | Snake:4  | HP: 8/178 [nagaraja/bolt of poison (47)]
 30809 | Snake:4  | Killed from afar by a nagaraja

Illustrated notes

Levels and vault maps discovered:
D:1:      minmay_arrival_checkered_box, layout_basic,
          chequers_ecumenical_altar_simple_redux, st_stairs_4,
          nicolae_grassy_gnolls
D:2:      wander_river, layout_basic, minmay_snake_closets
D:3:      layout_basic, mainiacjoe_overflow_24_doors, serial_bayou,
          serial_bayou_pond_c, serial_bayou_pond_c, serial_bayou_lagoon_b,
          serial_bayou_lake_a
D:4:      layout_basic, minmay_temple_entry_tees, nicolae_shop_self_help
D:5:      layout_gridville, serial_shops, nicolae_shop_trees,
          nicolae_shop_sticking_my_neck_out, uniq_blork_the_orc
D:6:      nicolae_cairo_tiling_large, layout_basic, vehumet_altar_wand_db,
          nicolae_ossuary_entry_ruins, uniq_crazy_yiuf_cottage,
          uniq_prince_ribbit1
D:7:      layout_cave_pools, nicolae_overflows_in_rows,
          ebering_ghost_disaster_area, uniq_pikel
D:8:      layout_basic, ebering_ghost_xom, interstate_on_off
D:9:      layout_roguey, gammafunk_ghost_icy
D:10:     gammafunk_jiyva_shrine, layout_irregular_city,
          mainiacjoe_overflow_chevrons, erik_orc_1, serial_column_ruins,
          column_ruins_columns_straight, column_ruins_columns_straight,
          column_ruins_grid_3, column_ruins_columns_straight,
          column_ruins_open_small, uniq_josephine
D:11:     layout_basic, due_lair_maze_entry_diamond, serial_shops, shop,
          uniq_psyche, uniq_maurice
D:12:     layout_big_octagon, serial_column_ruins, column_ruins_square_huge,
          column_ruins_hut_ruined, column_ruins_open_medium,
          column_ruins_grid_3, column_ruins_corridor_straight,
          trog_hazing_becter
D:13:     layout_stronghold, minmay_increasing_density, uniq_sonja
D:14:     layout_basic, grunt_vaults_entry_tiered,
          portal_ice_cave_entry_pillars_four
D:15:     hangedman_depths_entry_try_elsewhere_first, layout_loops_ring,
          minmay_misc_feat_doors, serial_shops, shop
Temple:   grunt_temple_mini_profane
Lair:1:   layout_cave_pods, basic_altar, infiniplex_staircase_pool_2,
          grunt_megastairs_2, serial_bayou_shore_a
Lair:2:   layout_regular_city, st_stairs_6, hibernation_bobbens,
          grunt_megastairs_4
Lair:3:   layout_layer_cave, nicolae_swamp_entry_splash_gauntlet,
          minmay_snake_entry_spellcaster, uniq_gastronok
Lair:4:   layout_long_grid, minmay_slime_entry_oklob_enclosed,
          gauntlet_entry_generic
Lair:5:   grunt_lair_end_beastmaster, layout_cave_shapes, uniq_rupert
Swamp:1:  layout_basic_swamp, evilmike_swamp_ruin_rubble_1
Swamp:2:  layout_basic_swamp, serial_swamp_ruin, evilmike_swamp_ruin_house_1,
          evilmike_swamp_ruin_house_3, swamp_pool4, uniq_louise, uniq_donald,
          uniq_kirke, uniq_roxanne
Swamp:3:  gammafunk_sealed_arena, layout_basic_swamp, nicolae_swamp_some_circles
Swamp:4:  swamp_alternative, layout_basic_swamp, nicolae_swamp_round_clearing
Snake:1:  layout_rooms, serial_shops, shop
Snake:2:  layout_cave_town, nicolae_snake_boneroom
Snake:3:  layout_onion_interference, nicolae_snake_gridmaze_zigzag,
          st_stairs_11, grunt_ministairs_9, hangedman_snake_corridor_cut,
          minmay_shop_star, uniq_azrael
Snake:4:  grunt_snake_rune_spirals, layout_onion_interference, st_stairs_10,
          nicolae_snake_herptile_family_reunion
Orc:1:    layout_caves, bh_open_orc_temple, uniq_harold, uniq_erica
Orc:2:    st_orc_town, layout_caves, special_room, basic_altar, serial_shops,
          shop
Elf:1:    nicolae_elf_arrival_aired_out, layout_onion_city, serial_shops,
          nicolae_lakefront_shop, minmay_elf_annihilation, item_on_display_a
Elf:2:    nicolae_elf_blades_crystal_corner, layout_geoelf_octagon,
          serial_shops, nicolae_shop_advertising_works
          [nicolae_subvault_shop_adworks]
Elf:3:    minmay_elf_hall_statues, layout_geoelf_diagonals, serial_shops,
          nicolae_shop_mannequins

Skill      XL: |  1  2  3  4  5  6  7  8  9 10 11 12 13 14 15 16 17 18 19 20 21 |
---------------+----------------------------------------------------------------+-----
Staves         | 3 4 5 7 8 10 11 13 14 16 17 18 19 20 21 22 23 | 23.0
Armour         | 4 5 6 7 8 9 10 11 12 13 14 15 16 17 18 | 18.5
Fighting       | 4 5 6 7 8 9 10 11 12 13 14 15 16 17 18 | 18.4
Shields        | 5 6 7 8 10 11 12 13 15 16 17 18 19 20 21 | 21.6
Dodging        | 3 4 |  4.7

Action                     |  1- 3 |  4- 6 |  7- 9 | 10-12 | 13-15 | 16-18 | 19-21 || total
---------------------------+-------+-------+-------+-------+-------+-------+-------++-------
  Melee: Quarterstaff      |    94 |   189 |   276 |       |       |       |       ||   559
         Mace              |       |       |    42 |   573 |       |       |       ||   615
         Lajatang          |       |       |       |    64 |   764 |  1073 |  1144 ||  3045
 Invoke: Serpent's Lash    |       |       |       |     6 |     7 |     5 |     9 ||    27
         Heavenly Storm    |       |       |       |       |       |       |     1 ||     1
Ability: Lunge             |       |     3 |    17 |    38 |    92 |   141 |   123 ||   414
         Whirlwind         |       |       |     5 |   101 |   294 |   224 |   305 ||   929
         Wall Jump         |       |       |       |     1 |       |       |       ||     1
    Use: Scroll            |       |       |       |    16 |    11 |       |     9 ||    36
         Potion            |       |       |       |       |       |     1 |     4 ||     5
   Stab: Distracted        |       |       |       |       |       |       |     1 ||     1
         Invisible         |       |       |       |       |       |       |     3 ||     3
 Armour: Scale mail        |    37 |    76 |     2 |       |       |       |       ||   115
         Ring mail         |       |       |    73 |   183 |       |       |       ||   256
         Plate armour      |       |       |       |       |   200 |   256 |   413 ||   869
  Dodge: Dodged            |    33 |    71 |   119 |   302 |   168 |   208 |   239 ||  1140
         Repelled          |       |       |       |     2 |     3 |       |       ||     5
  Block: Buckler           |    21 |    24 |       |       |       |       |       ||    45
         Kite shield       |       |    40 |   151 |   157 |       |       |       ||   348
         Tower shield      |       |       |       |   312 |   469 |   751 |   939 ||  2471
